 Dungeon Crawl Stone Soup version 0.15.1-3-g1b33baa (webtiles) character file.

75 Johnny the Chiller (level 3, 0/29 HPs)
             Began as a Demigod Ice Elementalist on Oct 2, 2014.
             Succumbed to a kobold's poison
             ... on Level 3 of the Dungeon.
             The game lasted 00:06:05 (2019 turns).

Johnny the Chiller (Demigod Ice Elementalist)       Turns: 2019, Time: 00:06:05

HP   0/29        AC  5     Str 12      XL: 3   Next: 88%
MP   8/8         EV  9     Int 20      God:
Gold 127         SH  0     Dex 15 (18) Spells:  1 memorised,  5 levels left

rFire  . . .     SeeInvis .     a - +2 short sword (drain)
rCold  . . .     Rnd*Rage +     m - +0 ring mail
rNeg   . . .     rCorr    .     (no shield)
rPois  .         rRot     .     (no helmet)
rElec  .         Spirit   .     (no cloak)
SustAb .         Warding  .     (no gloves)
rMut   .         Stasis   .     (no boots)
Gourm  .                        (no amulet)
MR     .....                    (no ring)
                                k - ring of stealth

@: lethally poisoned, not resistant to hostile enchantments, fairly stealthy
A: thin skeletal structure 1, berserk 1
a: no special abilities


You were on level 3 of the Dungeon.
You were hungry.

You visited 1 branch of the dungeon, and saw 3 of its levels.

You collected 127 gold pieces.

Inventory:

Hand weapons
 a - a +2 short sword of draining (weapon)
Armour
 m - a +0 ring mail (worn)
Comestibles
 c - 2 bread rations
 f - 3 meat rations
 q - a rotting chunk of jackal flesh
Scrolls
 h - a scroll of fear
 i - a scroll of fog
 l - a scroll of remove curse
 n - a scroll of immolation
 o - a scroll of magic mapping
 p - a scroll of teleportation
Jewellery
 k - a ring of stealth (left hand)
Potions
 e - a potion of lignification
 g - a potion of mutation
 j - 2 potions of degeneration
Books
 b - a book of Frost

   Spells                             Type                      Level
   *Freeze                            Ice                          1
   Throw Frost                        Conjuration/Ice              2
   Ozocubu's Armour                   Charms/Ice                   3
   Throw Icicle                       Conjuration/Ice              4
   Summon Ice Beast                   Ice/Summoning                4
   Condensation Shield                Ice                          4


   Skills:
 * Level 1.6 Fighting
 + Level 0.8 Armour
 * Level 2.4 Dodging
 + Level 2.1 Stealth
 * Level 2.1 Spellcasting
   Level 0.8 Conjurations
 * Level 2.9 Ice Magic


You had 5 spell levels left.
You knew the following spells:

 Your Spells              Type           Power        Failure   Level  Hunger
a - Freeze                Ice            ##..         10%         1    #......


Dungeon Overview and Level Annotations

Branches:
Dungeon (3/15)

Annotations:
D:3 Jessica


Innate Abilities, Weirdness & Mutations

You have a somewhat thin skeletal structure (Dex +2, Stealth).
You tend to lose your temper in combat.


Message History

You feel aware of your surroundings.
It was a scroll of magic mapping.
Read which item? (? for menu, Esc to quit)
As you read the scroll labeled CISYSU CAAJ, it crumbles to dust.
You feel a strange sense of stasis.
It was a scroll of teleportation.
* * * LOW HITPOINT WARNING * * *
You feel sick.
* * * LOW HITPOINT WARNING * * *
You feel sick.
* * * LOW HITPOINT WARNING * * *
You feel sick.
Put on which piece of jewellery? (? for menu, Esc to quit)
Okay, then.
Your transformation is almost over.
* * * LOW HITPOINT WARNING * * *
You feel sick.
* * * LOW HITPOINT WARNING * * *
You feel sick.
You feel less woody.
Your +0 ring mail unmelds from your body.
You die...

,,*###.##..###.....#<...#.* #
,,* #.....#...P.....#.#*,* # ,,*
#####)#...(.....#,,,,* ,,***
#...........#,**** ,,,,*
##..........#,* ,,,,*
#..........#,*
,,,,****####....(....#,*
,,,,,,,,...$....(....#.##**
,,,,,,,,........@........,*
,,,,,,,,.........)...#.##,*
,,,,,,,,,................,*
,,,,,,,,,............#....*
,,,,,,,,,............#...#*
,,,,,,,,,,...............*
,,,,,,,,,............#,,****
,,,,,,,,,........<...#,,,,,*
,,,,,,,,,............#,***,*****


There were no monsters in sight!

Vanquished Creatures
  2 adders (D:2)
  2 worms (D:2)
  An ooze (D:2)
  3 bats
  3 giant cockroaches (D:1)
  7 hobgoblins
  2 jackals (D:2)
  7 kobolds
  A quokka (D:2)
  A ball python (D:1)
  A giant gecko (D:1)
  2 giant newts (D:2)
  7 goblins
  4 rats
43 creatures vanquished.

Notes
Turn   | Place    | Note
--------------------------------------------------------------
     0 | D:1      | Johnny, the Demigod Ice Elementalist, began the quest for the Orb.
     0 | D:1      | Reached XP level 1. HP: 14/14 MP: 3/3
     0 | D:1      | Noticed a human skeleton
     0 | D:1      | Noticed a minotaur skeleton
     3 | D:1      | Noticed a minotaur skeleton
     3 | D:1      | Noticed a centaur skeleton
     5 | D:1      | Noticed a human skeleton
     7 | D:1      | Noticed an elf skeleton
     8 | D:1      | Noticed a merfolk skeleton
    10 | D:1      | Noticed an elf skeleton
    10 | D:1      | Noticed a centaur skeleton
    12 | D:1      | Noticed a draconian skeleton
    14 | D:1      | Noticed a draconian skeleton
    16 | D:1      | Noticed a human skeleton
    16 | D:1      | Noticed a draconian skeleton
    16 | D:1      | Noticed an elf skeleton
    18 | D:1      | Noticed an elf skeleton
   341 | D:1      | Reached XP level 2. HP: 13/22 MP: 4/4
   658 | D:2      | Reached skill level 1 in Fighting
  1100 | D:2      | Reached XP level 3. HP: 6/28 MP: 0/8
  1433 | D:2      | Found a radiant altar of Vehumet.
  1433 | D:2      | Found a burning altar of Makhleb.
  1846 | D:3      | Noticed Jessica
  1988 | D:3      | Gained mutation: You have a somewhat thin skeletal structure (Dex +2, Stealth). [potion of mutation]
  1988 | D:3      | Gained mutation: You tend to lose your temper in combat. [potion of mutation]
  2004 | D:3      | HP: 2/43 [poisoned by a kobold]
  2011 | D:3      | HP: 1/43 [poisoned by a kobold]
  2019 | D:3      | Succumbed to a kobold's poison

Action                   || total
-------------------------++-------
Melee: Short sword       ||    81
       Unarmed           ||     6
 Cast: Freeze            ||    33
  Use: Scroll            ||     6
       Potion            ||     3
 Stab: Sleeping          ||     5
  Eat: Chunk             ||     3
